 Dungeon Crawl Stone Soup version 0.31-a0-588-g14bffd4ff3 (webtiles) character file.

Game seed: 18061430415432452562

52 Descartes the Trooper (level 3, -4/20 HPs)
             Began as a Vine Stalker Fighter on Aug 19, 2023.
             Slain by a gnoll
             ... wielding a +0 flail
              (7 damage)
             ... on level 2 of the Dungeon.
             The game lasted 00:01:31 (1104 turns).

Descartes the Trooper (Vine Stalker Fighter)        Turns: 1104, Time: 00:01:31

Health: -4/20      AC:  6    Str: 20    XL:     3   Next: 85%
Magic:  0/5        EV:  9    Int:  8    God:
Gold:   35         SH:  4    Dex: 13    Spells: 4/4 levels left

rFire   . . .        a - +0 war axe
rCold   . . .        c - +0 buckler
rNeg    . . .        b - +0 scale mail
rPois   .            (no helmet)
rElec   .            (no cloak)
rCorr   .            (no gloves)
SInv    .            (no boots)
Will    .....        (no amulet) Stlth
                     (no ring)
HPRegen 0.23/turn    (no ring)
MPRegen 0.09/turn

%: guardian spirit
@: no status effects
A: fangs 2, magic shield, antimagic bite, no potion heal 2
a: no special abilities


You were on level 2 of the Dungeon.
You visited 1 branch of the dungeon, and saw 2 of its levels.

You collected 35 gold pieces.

Inventory:

Hand Weapons
 a - a +0 war axe (weapon)
Missiles
 f - 6 poisoned darts
Armour
 b - a +0 scale mail (worn)
 c - a +0 buckler (worn)
Talismans
 j - a maw talisman
Scrolls
 e - a scroll of enchant weapon {unknown}
 h - a scroll of identify {unknown}
 i - a scroll of noise {unknown}
Potions
 d - a potion of might
 g - 2 potions of curing {unknown}


   Skills:
 + Level 3.0 Fighting
 + Level 2.2 Axes
 + Level 2.7 Armour
 + Level 3.0 Shields
 + Level 1.0 Spellcasting
 + Level 1.0 Evocations


You had 4 spell levels left.
You didn't know any spells.
Your spell library was empty.

Dungeon Overview and Level Annotations

Branches:
Dungeon (2/15)

Altars:


Innate Abilities, Weirdness & Mutations

You have extremely sharp teeth.
When hurt, damage is shared between your health and your magic reserves.
Your bite disrupts and absorbs the magic of your enemies.
Potions cannot restore your health.


Message History

You are too injured to fight recklessly!
You are too injured to fight recklessly!
You are too injured to fight recklessly!
You are too injured to fight recklessly!
You are too injured to fight recklessly!
You are too injured to fight recklessly!
Unknown command.
You slash the gnoll!
You kill the gnoll!
The gnoll hits you from afar with a +0 spear.
* * * LOW HITPOINT WARNING * * *
You block the gnoll's attack.
There are monsters nearby!
You block the gnoll's attack.
Items here: )) ††.
You closely miss the gnoll. The gnoll closely misses you.
You barely miss the gnoll. The gnoll barely misses you.
You barely miss the gnoll. The gnoll hits you with a +0 spear.
* * * LOW HITPOINT WARNING * * *
The gnoll closely misses you.
Unknown command.
You hit the gnoll. You bite the gnoll, but do no damage.
The gnoll is heavily wounded.
You block the gnoll's attack.
You hit the gnoll but do no damage. You bite the gnoll. You drain its power.
You feel invigorated.
The gnoll is severely wounded.
The gnoll hits you with a +0 spear.
* * * LOW HITPOINT WARNING * * *
You block the gnoll's attack.
You closely miss the gnoll. You bite the gnoll.
You kill the gnoll!
Your Fighting skill increases to level 3!
Your Shields skill increases to level 3!
Your Spellcasting skill increases to level 1!
Your Evocations skill increases to level 1!
Unknown command.
You closely miss the gnoll. The gnoll barely misses you.
The gnoll hits you with a +0 flail!
You die...

#......#
########.####.######
#<...>...# #......#
####....##
#######.########
#.#.....................
#.#############.########
#.. ###.#
####.########...########
....?.g@................
.#.#.<#######...........
#. #.########## # #.#
###


You could see a gnoll.

Vanquished Creatures
  2 gnolls (D:2)
  A dart slug (D:1)
  4 ball pythons (D:1)
  2 endoplasms (D:1)
  A giant cockroach (D:1)
  6 goblins (D:1)
  2 hobgoblins (D:1)
  2 jackals (D:1)
  A quokka (D:1)
  A bat (D:1)
  2 frilled lizards (D:1)
  2 kobolds
  2 rats (D:1)
28 creatures vanquished.

Notes
Turn   | Place    | Note
-------+----------+-------------------------------------------
     0 | D:1      | Descartes the Vine Stalker Fighter began the quest for the
                  | Orb.
     0 | D:1      | Reached XP level 1. HP: 11/11 MP: 2/2
   138 | D:1      | Reached XP level 2. HP: 15/16 MP: 3/3
   368 | D:1      | Reached XP level 3. HP: 18/19 MP: 2/5
  1104 | D:2      | Reached skill level 1 in Spellcasting
  1104 | D:2      | Reached skill level 1 in Evocations
  1104 | D:2      | Slain by a gnoll

Illustrated notes

Levels and vault maps discovered:
D:1:      saegor_arrival_simple_e, layout_loops_ring, serial_forest,
          infiniplex_forest_corner_1, infiniplex_forest_clump_small,
          infiniplex_forest_lined_4_way, infiniplex_forest_lined_3,
          infiniplex_forest_clump_cross, infiniplex_forest_clump_cross,
          infiniplex_forest_end_3, infiniplex_forest_straight_4,
          infiniplex_forest_clump_cross, chequers_serial_rivers_micro_d,
          roderic_lattice_a
D:2:      layout_basic, minmay_pentomino_pile, uniq_jessica, uniq_sigmund

Skill      XL: |  1  2  3 |
---------------+----------+-----
Axes           | 2 |  2.2
Fighting       | 3 |  3.0
Shields        | 3 |  3.0
Spellcasting   | 1 |  1.0
Evocations     | 1 |  1.0
Armour         | |  2.7

Action                     || total
---------------------------++-------
  Melee: War axe           ||    87
         Bite              ||    18
 Armour: Scale mail        ||    28
  Dodge: Dodged            ||    25
  Block: Buckler           ||    27

Table legend: (Time is in decaauts)
 A = Elapsed time spent in this place.
 B = Non-inter-level travel time spent in this place.
 C = Inter-level travel time spent in this place.
 D = Time resting spent in this place.
 E = Time spent auto-exploring this place.
 F = Levels seen in this place.
 G = Mean time per level.
                   A        B        C        D        E       F      G
               +--------+--------+--------+--------+--------+-----+--------+
         Total |   1141 |   1095 |     46 |      0 |    893 |   2 |  570.5 |
       Dungeon |   1141 |   1095 |     46 |      0 |    893 |   2 |  570.5 |
               +--------+--------+--------+--------+--------+-----+--------+

Top non-repeatable levels by time:
     D:1: 1079 daAuts
     D:2: 62 daAuts
